AoeStats
← Cristian El Sólido

Oasis

508738818Analyzed
3v3 RM · 8d ago on Sep 23, 2026· 71m 54s· 6 players
Game mode
Random Map
Map size
Normal (6 player)
Population
200
Speed
Normal
Resources
Standard
Victory
Conquest
Starting age
Dark Age
Ending age
Imperial Age
RankedLock teamsTeams togetherTeam positionsShared explorationLock speedFull tech treeHidden civsTurbo modeCheats
Victory
Defeat
🇩🇪 Britons · Germany
1030
+10
980
+12
🇩🇪 Goths · Germany
934
+14
🇧🇷 Persians · Brazil
973
-15
🇪🇸 Franks · Spain
878
-11
🇵🇪 Sicilians · Peru
848
-10
moloneita
10:28 Feudal Age
14:43 Castle Age
13:21 Double-Bit Axe
16:40 Horse Collar
19:14 Loom
19:17 Town Watch
20:14 Bloodlines
24:15 Husbandry
25:22 Bow Saw
31:56 Imperial Age
30:16 Scale Barding Armor
32:11 Forging
32:03 Cavalier
33:58 Gold Mining
34:02 Stone Mining
35:23 Chain Barding Armor
35:54 Wheelbarrow
35:47 Caravan
37:22 Plate Barding Armor
37:19 Heavy Plow
38:44 Iron Casting
38:24 Heavy Scorpion
39:53 Savar
44:48 Blast Furnace
46:41 Fletching
46:51 Padded Archer Armor
49:59 Ballistics
50:39 Chemistry
52:12 Bodkin Arrow
52:33 Leather Archer Armor
51:53 Crossbowman
52:39 Thumb Ring
53:23 Onager
57:24 Ring Archer Armor
68:31 Hand Cart
68:21 Pikeman
68:47 Gambesons
69:02 Squires
68:48 Arson
Juminican
10:42 Loom
12:28 Feudal Age
20:06 Double-Bit Axe
20:06 Horse Collar
24:21 Castle Age
23:26 Arson
24:56 Scale Mail Armor
25:06 Forging
24:47 Fletching
27:14 Murder Holes
28:13 Stone Mining
28:15 Gold Mining
30:54 Heavy Plow
32:04 Wheelbarrow
31:16 Town Watch
33:24 Squires
36:23 Imperial Age
34:06 Pikeman
35:09 Chain Mail Armor
37:41 Plate Mail Armor
37:34 Hand Cart
37:08 Capped Ram
38:47 Iron Casting
39:27 Ballistics
40:15 Chemistry
39:15 Bodkin Arrow
39:27 Scale Barding Armor
40:16 Gold Shaft Mining
39:21 Siege Ram
40:29 Town Patrol
41:18 Hauberk
41:19 Husbandry
42:14 Chain Barding Armor
42:56 Blast Furnace
41:21 Light Cavalry
42:15 Bloodlines
43:38 Plate Barding Armor
42:34 Cavalier
43:20 Bracer
44:06 Crop Rotation
45:04 Conscription
50:59 Elite Serjeant
51:37 Elite Serjeant
55:47 Padded Archer Armor
Cristian El Sólido
11:28 Feudal Age
11:53 Loom
12:17 Double-Bit Axe
19:57 Forging
19:53 Scale Barding Armor
24:14 Castle Age
24:39 Fletching
25:32 Iron Casting
25:19 Chain Barding Armor
30:54 Husbandry
35:53 Bodkin Arrow
39:06 Stone Mining
39:27 Bow Saw
41:02 Gold Mining
58:27 Wheelbarrow
57:42 Town Watch
59:00 Treadmill Crane
63:11 Imperial Age
61:09 Caravan
62:19 Masonry
62:43 Hand Cart
62:31 Town Patrol
64:03 Cavalier
66:31 Plate Barding Armor
68:31 Blast Furnace
68:13 Gold Shaft Mining
69:02 Paladin
71:03 Conscription
71:31 Hoardings
Thranquilo
11:28 Feudal Age
11:40 Loom
12:45 Double-Bit Axe
19:48 Castle Age
17:31 Horse Collar
18:14 Fletching
18:25 Gold Mining
19:12 Padded Archer Armor
21:03 Bow Saw
20:58 Crossbowman
22:12 Bodkin Arrow
25:53 Ballistics
29:46 Leather Archer Armor
36:15 Imperial Age
38:12 Gold Shaft Mining
37:35 Arbalester
38:29 Bracer
43:33 Yeomen
43:50 Heavy Plow
46:57 Wheelbarrow
47:44 Two-Man Saw
46:12 Elite Longbowman
58:46 Ring Archer Armor
62:47 Forging
62:43 Scale Barding Armor
62:50 Forging
63:53 Chemistry
63:04 Light Cavalry
63:45 Husbandry
65:46 Hand Cart
66:00 Chain Barding Armor
66:16 Iron Casting
65:40 Onager
DrunkDriveAnarchoGamblinmaster67
6:30 Loom
10:28 Feudal Age
15:39 Bloodlines
19:23 Double-Bit Axe
20:16 Horse Collar
24:41 Castle Age
25:23 Husbandry
25:40 Heavy Plow
26:30 Caravan
29:34 Vendel Legacy
30:03 Arson
30:35 Forging
30:26 Scale Mail Armor
30:32 Scale Barding Armor
35:28 Chain Mail Armor
36:07 Chain Barding Armor
39:36 Imperial Age
40:39 Wheelbarrow
39:46 Gothikon
41:24 Plate Barding Armor
41:05 Chain Mail Armor
40:45 Elite Varangian Guard
42:43 Bow Saw
44:16 Plate Mail Armor
43:30 Cavalier
45:40 Elite Jarl
47:06 Capped Ram
52:08 Iron Casting
55:23 Siege Ram
55:24 Heavy Scorpion
Wilhelm Tell
0:31 Loom
11:05 Feudal Age
14:08 Horse Collar
19:51 Castle Age
18:40 Double-Bit Axe
18:38 Horse Collar
19:14 Gold Mining
19:47 Scale Mail Armor
25:30 Heavy Plow
25:44 Bow Saw
27:38 Wheelbarrow
27:41 Sanctity
32:08 Imperial Age
30:13 Squires
30:55 Anarchy
35:21 Forging
36:14 Chain Mail Armor
37:41 Man-at-Arms
42:37 Two-Man Saw
42:34 Iron Casting
43:19 Coinage
43:04 Guilds
44:01 Crop Rotation
45:30 Blast Furnace
44:37 Devotion
44:15 Pikeman
45:21 Halberdier
49:10 Scale Barding Armor
63:54 Caravan
Connection lost

Rejoining the realm…

Still unreachable

The connection could not be restored.

Session expired

The server has moved on; the page needs a fresh start.